 Dungeon Crawl Stone Soup version 0.29.1-4-g47bece8355 (webtiles) character file.

Game seed: 13079964924612757820

466 ChadusMaximus the Caller (level 7, -1/46 HPs)
             Began as a Human Summoner on Dec 7, 2022.
             Killed from afar by an orc wizard (5 damage)
             ... with a magic dart
             ... on level 4 of the Dungeon.
             The game lasted 00:07:17 (5973 turns).

ChadusMaximus the Caller (Human Summoner)           Turns: 5973, Time: 00:07:17

Health: -1/46      AC:  3    Str:  8    XL:     7   Next: 30%
Magic:  10/13      EV: 12    Int: 17    God:
Gold:   163        SH:  0    Dex: 14    Spells: 8/14 levels left

rFire   . . .      SeeInvis .   o - +0 halberd
rCold   . . .      Faith    .   (shield currently unavailable)
rNeg    . . .      Spirit   .   a - +0 robe
rPois   .          Reflect  .   (no helmet)
rElec   .          Harm     .   (no cloak)
rCorr   +          Rampage  .   e - +0 pair of gloves
Will    .....                   (no boots)
Stlth   ++........              (no amulet)
HPRegen 0.15/turn               d - ring of resist corrosion
MPRegen 0.13/turn               (no ring)

@: about to teleport
A: no striking features
a: no special abilities


You were on level 4 of the Dungeon.
You visited 1 branch of the dungeon, and saw 4 of its levels.

You collected 163 gold pieces.

Inventory:

Hand Weapons
 c - a +0 mace
 o - a +0 halberd (weapon)
Missiles
 p - a throwing net
Armour
 a - a +0 robe (worn)
 e - a +0 pair of gloves (worn)
Jewellery
 d - a ring of resist corrosion (left hand)
 k - a ring of fire
Scrolls
 i - 2 scrolls of teleportation
 l - a scroll of noise {unknown}
 m - a scroll of fear {unknown}
 n - a scroll of fog {unknown}
Potions
 b - a potion of magic
 f - 2 potions of flight {unknown}
 g - a potion of cancellation {unknown}
 h - a potion of curing {unknown}
 j - 2 potions of heal wounds {unknown}


   Skills:
 - Level 2.5 Dodging
 - Level 2.7 Stealth
 + Level 4.1 Spellcasting
 * Level 6.7 Summonings


You had 8 spell levels left.
You knew the following spells:

 Your Spells              Type           Power      Damage    Failure   Level
a - Summon Small Mammal   Summ           100%       N/A       1%          1
b - Call Canine Familiar  Summ           26%        N/A       3%          3
c - Call Imp              Summ           26%        N/A       1%          2

Your spell library contained the following spells:

 Spells                   Type           Power      Damage    Failure   Level
 Summon Guardian Golem    Hex/Summ       15%        N/A       12%         3
 Freeze                   Ice            12%        1d4       16%         1
 Ensorcelled Hibernation  Hex/Ice        6%         N/A       24%         2
 Passwall                 Tmut/Erth      2%         N/A       24%         2
 Summon Lightning Spire   Summ/Air       15%        N/A       36%         4
 Frozen Ramparts          Ice            6%         1d1       43%         3
 Portal Projectile        Hex/Tloc       6%         N/A       43%         3
 Swiftness                Air            3%         N/A       43%         3
 Tukima's Dance           Hex            3%         N/A       43%         3
 Hailstorm                Conj/Ice       3%         3d3       83%         4
 Blade Hands              Tmut           1%         N/A       99%         5
 Conjure Ball Lightning   Conj/Air       1%         3x3d6     100%        6
 Discord                  Hex            1%         N/A       100%        8
 Disjunction              Tloc           1%         N/A       100%        8


Dungeon Overview and Level Annotations

Branches:
Dungeon (4/15)
 Temple: D:4-7

Altars:
Ashenzari

Shops:
D:3 [


Message History

A ball python is nearby!
The ball python hisses angrily.
You hit the ball python.
You kill the ball python!
No target in view!
You now have 163 gold pieces (gained 11).
You pick up a book of Weapons and begin reading...
You add the spells Tukima's Dance, Portal Projectile and Blade Hands to your library.
No target in view!
No target in view!
Found a short sword.
No target in view!
You see here a +0 short sword.
An orc wizard is nearby!
The orc wizard zaps a wand.
The mass of ice explodes!
The iceblast engulfs you!
You hear a shout!
The orc wizard zaps a wand.
The mass of ice explodes!
The iceblast engulfs you!
An orc wizard is nearby!
Casting: Call Imp (safe; 1% risk of failure)
Confirm with . or Enter, or press ? or * to list all spells.
The orc wizard zaps a wand.
The mass of ice explodes!
The iceblast engulfs you!
* * * LOW HITPOINT WARNING * * *
The iceblast engulfs your hound!
Casting: Call Canine Familiar (dangerous; 3% risk of failure)
Confirm with . or Enter, or press ? or * to list all spells.
You don't know that spell.
The orc wizard zaps a wand.
The mass of ice explodes!
The iceblast engulfs you.
* * * LOW HITPOINT WARNING * * *
As you read the scroll of teleportation, it crumbles to dust.
You feel strangely unstable. The orc wizard misses your hound.
Your hound closely misses the orc wizard.
Your hound closely misses the orc wizard.
The orc wizard gestures at you while chanting.
Your hound resists with significant effort.
Your hound closely misses the orc wizard.
Your hound bites the orc wizard but does no damage.
Your hound bites the orc wizard but does no damage.
The orc wizard points at you and mumbles some strange words.
The magic dart hits you.
You die...

......#<....#.#####.# ###
....####........)...# #### ##.#
...## #.###..#####.# ##..###...
...#####.# ##.......####....##...
.........####.............#..#...
....##....##.)............#......
... ##..........................
##..................#.#...#.
#(..###....@..........##..##
.......#......#..[......######
#..........#...##..[##..## #
#.##..............#....####
..........................##
....#.........####........)#
...###....oh...)#.........##
...##......................#
##..#......................##


You could see an orc wizard (ally target) and a friendly hound (summoned).

Vanquished Creatures
  A scorpion (D:4)
  Dowan (D:4)
  A gnoll (D:3)
  6 ball pythons
  2 endoplasms (D:2)
  2 giant cockroaches (D:3)
  3 goblins
  5 hobgoblins
  2 jackals (D:3)
  A quokka (D:3)
  5 bats
  2 frilled lizards
  4 rats
35 creatures vanquished.

Vanquished Creatures (collateral kills)
  Duvessa (D:4)
  An ogre (D:4)
  An orc wizard (D:4)
  2 gnolls (D:3)
  4 adders
  2 worms
  5 orcs
  A ball python (D:4)
  5 endoplasms
  3 goblins
  A jackal (D:3)
  3 quokkas
  A bat (D:2)
  4 frilled lizards
  3 kobolds
  3 rats (D:1)
40 creatures vanquished.

Grand Total: 75 creatures vanquished

Notes
Turn   | Place    | Note
-------+----------+-------------------------------------------
     0 | D:1      | ChadusMaximus the Human Summoner began the quest for the
                  | Orb.
     0 | D:1      | Reached XP level 1. HP: 13/13 MP: 3/3
   552 | D:1      | Reached XP level 2. HP: 13/19 MP: 3/5
  1371 | D:1      | Found a faded altar of an unknown god.
  1510 | D:1      | Reached XP level 3. HP: 24/24 MP: 6/6
  1514 | D:1      | Learned a level 3 spell: Call Canine Familiar
  1517 | D:1      | Learned a level 2 spell: Call Imp
  2091 | D:2      | Found a broken altar of Ashenzari.
  2579 | D:2      | Reached XP level 4. HP: 19/30 MP: 4/7
  3531 | D:3      | Reached XP level 5. HP: 35/35 MP: 5/9
  3581 | D:3      | Found Qyonon's Armour Emporium.
  3888 | D:3      | Reached skill level 5 in Summonings
  4350 | D:4      | Noticed Duvessa
  4350 | D:4      | Noticed Dowan
  4640 | D:4      | Killed Duvessa
  4641 | D:4      | Reached XP level 6. HP: 12/41 MP: 3/11
  4972 | D:4      | Reached skill level 6 in Summonings
  5098 | D:4      | Noticed an ogre
  5433 | D:4      | Killed Dowan
  5434 | D:4      | Reached XP level 7. HP: 18/46 MP: 4/12
  5852 | D:4      | Identified the +5 ring mail "Lewielel" {Regen+ Int-5 SInv
                  | Stlth+}
  5862 | D:4      | Identified the +2 short sword "Kouqivom" {flame, rF++}
  5973 | D:4      | Killed from afar by an orc wizard

Illustrated notes

Levels and vault maps discovered:
D:1:      erik_arrival_cave_to_civilisation [erik_arrival_cave_to_hall],
          layout_basic, hellmonk_ecumenical_altar_pennies_from_heaven
D:2:      layout_basic, basic_altar, bh_walls_and_bars
D:3:      layout_loops_cross, serial_shops, nicolae_shop_crystal,
          minmay_misc_feat_roman, minmay_misc_feat_diagonals
D:4:      layout_cave_pools, serial_shops, nicolae_square_shop,
          minmay_misc_feat_rows, saegor_snake_ambush, uniq_crazy_yiuf_cottage,
          uniq_duvessa

Skill      XL: |  1  2  3  4  5  6  7 |
---------------+----------------------+-----
Spellcasting   | 3 4 |  4.1
Summonings     | 5 6 |  6.7
Dodging        | |  2.5
Stealth        | |  2.7

Action                   |  1- 3 |  4- 6 |  7- 9 || total
-------------------------+-------+-------+-------++-------
Melee: Unarmed           |    16 |       |       ||    16
       Mace              |    91 |    47 |       ||   138
       Punch             |       |     1 |       ||     1
       Halberd           |       |    23 |     4 ||    27
 Cast: Summon Small Mamm |    27 |    18 |     2 ||    47
       Call Canine Famil |     2 |    21 |     2 ||    25
       Call Imp          |       |     9 |     1 ||    10
  Use: Scroll            |       |     1 |     1 ||     2
 Stab: Distracted        |     1 |       |       ||     1
       Sleeping          |     1 |     2 |       ||     3
Armor: Robe              |    44 |    18 |       ||    62
Dodge: Dodged            |   103 |    67 |     1 ||   171
